 Dungeon Crawl Stone Soup version 0.23.2-40-g277498a001 (webtiles) character file.

Game seed: 2381848561377975953

9746 Pance99 the Spear-Bearer (level 11, -5/103 HPs)
             Began as a Minotaur Berserker on Sept 26, 2019.
             Was a High Priest of Trog.
             Slain by an eight-headed hydra (8 damage)
             ... on level 11 of the Dungeon on Sept 27, 2019.
             The game lasted 03:28:01 (13394 turns).

Pance99 the Spear-Bearer (Minotaur Berserker)      Turns: 13394, Time: 03:28:04

Health: -5/103     AC: 13    Str: 26    XL:     11   Next: 27%
Magic:  10/10      EV: 14    Int:  4    God:    Trog [*****.]
Gold:   907        SH:  0    Dex: 11    Spells: 10/10 levels left

rFire    . . .     SeeInvis .   s - +2 halberd (freeze)
rCold    . . .     Gourm    .   (shield currently unavailable)
rNeg     . . .     Faith    .   W - +6 leather armour of the Sunfish {*Drain Str+2 Stlth+}
rPois    .         Spirit   .   (helmet restricted)
rElec    +         Reflect  .   (no cloak)
rCorr    .         Harm     .   J - +0 pair of gloves
MR       ++...                  (no boots)
Stlth    +++.......             (no amulet)
HPRegen  1.27/turn              (no ring)
MPRegen  0.12/turn              (no ring)

@: regenerating
A: retaliatory headbutt, horns 2, molten scales 1, robust 1, electricity
resistance
a: Berserk, Trog's Hand, Brothers in Arms, Renounce Religion


You were on level 11 of the Dungeon.
You worshipped Trog.
Trog was extremely pleased with you.
You were not hungry.

You visited 2 branches of the dungeon, and saw 13 of its levels.

You collected 907 gold pieces.

Inventory:

Hand Weapons
 i - a +0 lajatang
 j - a +3 quarterstaff of chaos
 l - a +0 hunting sling
 n - a +1 hand axe of flaming
 q - a +5 scimitar of freezing
 r - a +1 spear
 s - a +2 halberd of freezing (weapon)
 u - a +2 short sword of venom
 v - a +0 falchion of electrocution
 y - a +0 trident
 z - a +0 spear
 B - a +0 war axe
 H - a +2 dagger of venom
 U - a +3 flail of protection
Missiles
 c - 299 stones (quivered)
 d - 5 tomahawks of returning
 e - 9 tomahawks
 h - 61 poisoned needles
 o - 103 bolts
 t - 7 needles of sleeping
 C - 3 throwing nets
Armour
 J - a +0 pair of gloves (worn)
 W - the +6 leather armour of the Sunfish (worn) {*Drain Str+2 Stlth+}
   (You found it on level 5 of the Dungeon)

   It affects your strength (+2).
   It causes draining when unequipped.
   It makes you more stealthy.
 X - a +0 cloak
Magical Staves
 L - an uncursed staff of power
Wands
 k - a wand of scattershot (5)
 A - a wand of digging (8)
 T - a wand of acid (16)
Scrolls
 m - a scroll of random uselessness {unknown}
 p - 2 scrolls of enchant armour
 w - a scroll of remove curse
 F - 2 scrolls of teleportation
 K - a scroll of fear {unknown}
 M - 3 scrolls of magic mapping
 O - 2 scrolls of blinking {unknown}
 P - 2 scrolls of enchant weapon
 Q - a scroll of noise {unknown}
 R - 3 scrolls of identify
 Z - a scroll of vulnerability {unknown}
Potions
 a - 3 potions of cancellation {unknown}
 b - a potion of haste
 x - a potion of magic
 D - a potion of berserk rage {unknown}
 E - a potion of might
 G - 3 potions of agility {unknown}
 I - 2 potions of ambrosia {unknown}
 N - 4 potions of curing
 V - 2 potions of lignification {unknown}
Miscellaneous
 f - a phial of floods
Comestibles
 g - 9 rations


   Skills:
 - Level 8.0 Fighting
 + Level 13.8 Polearms
 - Level 8.4 Throwing
 - Level 7.4 Armour
 - Level 5.9 Dodging
 - Level 3.1 Stealth


You had 10 spell levels left.
You didn't know any spells.
Your spell library was empty.

Dungeon Overview and Level Annotations

Branches:
Dungeon (12/15)            Temple (1/1) D:6            Lair (0/6) D:11
    Orc: D:9-12

Altars:
Ashenzari
Cheibriados
Dithmenos
Elyvilon
Fedhas
Gozag
Hepliaklqana
Kikubaaqudgha
Makhleb
Nemelex Xobeh
Okawaru
Qazlal
Ru
Sif Muna
Trog
Uskayaw
Vehumet
Wu Jian
Yredelemnul
Zin
The Shining One

Shops:
D:11 (

Annotations:
D:11 exclusion: oklob plant


Innate Abilities, Weirdness & Mutations

You reflexively headbutt those who attack you in melee.
You have a pair of horns on your head.
You are partially covered in molten scales. (AC +2)
You are robust. (+10% HP)
You are resistant to electric shocks. (rElec)


Message History

Your ogre goes berserk!
You feel somewhat more hungry. The eight-headed hydra bites you. x2
The eight-headed hydra barely misses you.
The eight-headed hydra bites you! x2; The eight-headed hydra bites you. x2
* * * LOW HITPOINT WARNING * * *
The eight-headed hydra bites you but does no damage.
Your skin crawls.
You feel resistant to hostile enchantments.
You feel somewhat more hungry.
The eight-headed hydra bites you but does no damage.
The eight-headed hydra bites you!
* * * LOW HITPOINT WARNING * * *
The eight-headed hydra closely misses you.
The eight-headed hydra bites you.
* * * LOW HITPOINT WARNING * * *
The eight-headed hydra bites you but does no damage. x2
The eight-headed hydra bites you!
* * * LOW HITPOINT WARNING * * *
The eight-headed hydra bites you!
You die...

##### ....# ....#
##########
###.#######........#
###.........######.#
....######### #.#
....# ####.######
###.# #.@O......#
#.# #D##.####.# #.#
#. #.# #.# #.# #.
#.# #.# ###.########
#. #.# #.#
...........# #.
#.####.#
##.#######.# #.
#...##.# #.# #.# #.
##...#.# #^# #.##
#.###.#.#.#


You could see an eight-headed hydra and a friendly ogre (berserk).

Vanquished Creatures
  A two-headed ogre (D:9)
  An ugly thing (D:10)
  A kobold demonologist (D:7)
  Grinder (D:5)
  A troll (D:10)
  A hippogriff (D:9)
  16 yaks
  A spriggan (D:8)
  Eustachio (D:4)
  A wraith (D:11)
  Menkaure (D:7)
  Edmund (D:5)
  4 sky beasts
  2 phantoms
  4 orc warriors
  2 ice beasts
  2 ogres (D:5)
  2 centaurs
  3 big kobolds
  2 bullfrogs (D:6)
  A gnoll sergeant (D:7)
  A wyvern zombie (D:10)
  A wyvern skeleton (D:10)
  5 scorpions
  11 wights
  11 killer bees
  2 jellies
  3 howler monkeys (D:8)
  2 bullfrog zombies
  A centaur zombie (D:10)
  8 crimson imps
  3 hounds
  6 orc priests
  2 centaur skeletons
  A bullfrog skeleton (D:10)
  Crazy Yiuf (D:6)
  4 iguanas
  5 orc wizards
  8 worker ants
  2 hound zombies
  2 hound skeletons
  Robin (D:2)
  2 worker ant zombies
  7 gnolls (D:7)
  9 adders
  4 shadow imps
  2 oozes
  An adder skeleton (D:4)
  A worm (D:2)
  2 dart slugs (D:3)
  5 leopard geckos
  27 orcs
  9 giant cockroaches
  15 goblins
  12 hobgoblins
  2 jackals (D:8)
  7 quokkas
  3 ball pythons
  6 bats
  A frilled lizard (D:4)
  26 kobolds
  9 rats
  A fungus (D:3)
280 creatures vanquished.

Vanquished Creatures (others)
  A human (D:3)
  4 toadstools (D:3)
5 creatures vanquished.

Grand Total: 285 creatures vanquished

Notes
Turn   | Place    | Note
-------+----------+-------------------------------------------
     0 | D:1      | Pance99 the Minotaur Berserker began the quest for the Orb.
     0 | D:1      | Reached XP level 1. HP: 19/19 MP: 0/0
    68 | D:1      | Reached skill level 4 in Polearms
   168 | D:1      | Reached XP level 2. HP: 21/27 MP: 1/1
  1038 | D:2      | Reached XP level 3. HP: 33/33 MP: 2/2
  1104 | D:2      | Noticed Robin
  1110 | D:2      | Reached ** piety under Trog
  1113 | D:2      | Killed Robin
  1126 | D:2      | Reached skill level 1 in Throwing
  1135 | D:2      | Reached XP level 4. HP: 17/40 MP: 3/3
  1444 | D:2      | Reached skill level 5 in Polearms
  1830 | D:2      | Found an ancient bone altar of Kikubaaqudgha.
  2109 | D:3      | Found an ancient bone altar of Kikubaaqudgha.
  2112 | D:3      | Noticed a human
  2113 | D:3      | Killed a human
  2409 | D:3      | Reached XP level 5. HP: 46/46 MP: 4/4
  2937 | D:3      | Reached *** piety under Trog
  3172 | D:3      | Found a hazy altar of Hepliaklqana.
  3285 | D:4      | Noticed Eustachio
  3293 | D:4      | Killed Eustachio
  3293 | D:4      | Reached skill level 6 in Polearms
  3293 | D:4      | Reached XP level 6. HP: 53/53 MP: 5/5
  3323 | D:4      | Gained mutation: You do not regenerate when monsters are
                  | visible. [potion of mutation]
  3323 | D:4      | Gained mutation: Armour fits poorly on your strangely
                  | shaped body. [potion of mutation]
  3323 | D:4      | Gained mutation: You are partially covered in rugged brown
                  | scales. (AC +1, +3% HP) [potion of mutation]
  3323 | D:4      | Gained mutation: Your spells are a little harder to cast,
                  | but a little more powerful. [potion of mutation]
  3324 | D:4      | Lost mutation: You are partially covered in rugged brown
                  | scales. (AC +1, +3% HP) [potion of mutation]
  3324 | D:4      | Lost mutation: You do not regenerate when monsters are
                  | visible. [potion of mutation]
  3324 | D:4      | Gained mutation: You are frail. (-10% HP) [potion of
                  | mutation]
  3324 | D:4      | Gained mutation: You are somewhat resistant to further
                  | mutation. [potion of mutation]
  3324 | D:4      | Gained mutation: You are partially covered in molten
                  | scales. (AC +2) [potion of mutation]
  3607 | D:4      | Reached XP level 7. HP: 48/54 MP: 6/6
  3612 | D:4      | Reached skill level 5 in Armour
  3785 | D:4      | Reached skill level 1 in Stealth
  4493 | D:5      | Entered Level 5 of the Dungeon
  4504 | D:5      | Reached skill level 7 in Polearms
  4663 | D:5      | Noticed Edmund
  4705 | D:5      | Killed Edmund
  4705 | D:5      | Reached skill level 5 in Fighting
  4906 | D:5      | Noticed Grinder
  4933 | D:5      | Killed Grinder
  4933 | D:5      | Reached XP level 8. HP: 31/61 MP: 7/7
  5136 | D:5      | Reached skill level 8 in Polearms
  5373 | D:5      | Got a shimmering leather armour
  5385 | D:5      | Identified the +6 leather armour of the Sunfish {*Drain
                  | Str+2 Stlth+} (You found it on level 5 of the Dungeon)
  5928 | D:6      | Found a runed translucent door.
  5929 | D:6      | Noticed Crazy Yiuf
  5940 | D:6      | Killed Crazy Yiuf
  5940 | D:6      | Reached XP level 9. HP: 58/70 MP: 8/8
  6008 | D:6      | Reached skill level 5 in Throwing
  6012 | D:6      | Found a basalt altar of Yredelemnul.
  6013 | D:6      | Found a sacrificial altar of Ru.
  6013 | D:6      | Found an iron altar of Okawaru.
  6013 | D:6      | Found a glowing silver altar of Zin.
  6021 | D:6      | Found a hide-covered altar of Uskayaw.
  6033 | D:6      | Found a blossoming altar of Fedhas.
  6171 | D:6      | Found a shattered altar of Ashenzari.
  6290 | D:6      | Reached skill level 9 in Polearms
  6393 | D:6      | Reached **** piety under Trog
  6754 | D:6      | Found a staircase to the Ecumenical Temple.
  6763 | Temple   | Entered the Ecumenical Temple
  7510 | D:7      | Reached skill level 10 in Polearms
  7525 | D:7      | Reached skill level 5 in Dodging
  7725 | D:7      | Noticed a six-headed hydra
  7768 | D:7      | Reached XP level 10. HP: 68/77 MP: 9/9
  8154 | D:8      | Lost mutation: You are somewhat resistant to further
                  | mutation. [potion of mutation]
  8154 | D:8      | Lost mutation: Your spells are a little harder to cast, but
                  | a little more powerful. [potion of mutation]
  8154 | D:8      | Lost mutation: You are frail. (-10% HP) [potion of
                  | mutation]
  8154 | D:8      | Lost mutation: Armour fits poorly on your strangely shaped
                  | body. [potion of mutation]
  8154 | D:8      | Gained mutation: You are robust. (+10% HP) [potion of
                  | mutation]
  8154 | D:8      | Gained mutation: You are resistant to electric shocks.
                  | (rElec) [potion of mutation]
  8322 | D:8      | Found a glowing silver altar of Zin.
  8340 | D:8      | Found a glowing golden altar of the Shining One.
  8823 | D:8      | Found a radiant altar of Vehumet.
  8858 | D:8      | Reached ***** piety under Trog
  9639 | D:9      | Reached skill level 11 in Polearms
  9674 | D:9      | Received a gift from Trog
 10576 | D:9      | Noticed a two-headed ogre
 10594 | D:9      | Killed a two-headed ogre
 10594 | D:9      | Reached skill level 12 in Polearms
 10703 | D:9      | You fall through a shaft for 3 floors!
 10712 | D:12     | Noticed a four-headed hydra
 10747 | D:12     | Noticed a white ugly thing
 10946 | D:10     | Entered Level 10 of the Dungeon
 10946 | D:10     | Noticed a cyan ugly thing
 10952 | D:11     | Found Esesuhe's Antique Weapon Emporium.
 11180 | D:11     | Noticed an oklob plant
 11735 | D:11     | Found a staircase to the Lair.
 11802 | D:11     | Noticed a seven-headed hydra
 11885 | D:10     | Killed a cyan ugly thing
 11885 | D:10     | Received a gift from Trog
 11885 | D:10     | Reached XP level 11. HP: 103/103 MP: 10/10
 12040 | D:10     | Reached skill level 13 in Polearms
 12778 | D:7      | Noticed Menkaure
 12782 | D:7      | Killed Menkaure
 13394 | D:11     | HP: 3/103 [eight-headed hydra (8)]
 13394 | D:11     | Slain by an eight-headed hydra

Skill      XL: |  1  2  3  4  5  6  7  8  9 10 11 |
---------------+----------------------------------+-----
Polearms       | 4 5 6 7 8 10 12 13 | 13.8
Fighting       | 4 5 6 7 8 |  8.0
Throwing       | 1 2 3 4 7 8 |  8.4
Armour         | 3 4 5 6 7 |  7.4
Dodging        | 3 4 5 |  5.9
Stealth        | 1 2 3 |  3.1

Action                   |  1- 3 |  4- 6 |  7- 9 | 10-12 || total
-------------------------+-------+-------+-------+-------++-------
Melee: Spear             |    95 |   147 |   333 |   274 ||   849
       Headbutt          |     7 |    23 |    62 |    80 ||   172
       Halberd           |       |       |       |   157 ||   157
Throw: Stone             |    15 |    56 |   160 |   184 ||   415
       Throwing net      |       |       |     1 |       ||     1
Invok: Berserk           |     2 |     4 |     5 |     3 ||    14
       Trog's Hand       |       |       |     1 |     2 ||     3
       Brothers in Arms  |       |       |       |     2 ||     2
  Use: Scroll            |     4 |     2 |     3 |     2 ||    11
       Potion            |     1 |     2 |     2 |     1 ||     6
 Stab: Sleeping          |       |       |       |     6 ||     6
  Eat: Ration            |     1 |     1 |     4 |     5 ||    11
       Chunk             |       |     6 |     5 |     6 ||    17
Armor: Animal skin       |     7 |       |       |       ||     7
       Ring mail         |    11 |    23 |    15 |       ||    49
       Leather armour    |       |       |    38 |    87 ||   125
Dodge: Dodged            |    33 |    45 |   115 |   128 ||   321
